Cogmind - Beta 14 @@@ ROGUE MODE // 2024.09.01 @ 21:36:04 Player: Epsilon 11 Result: Destroyed by O0-O9X(R) with Subdweller Laser Performance ------------- Evolutions (0) 0 Regions Visited (3) 600 Robots Destroyed (25) 125 Value Destroyed (813) 813 Prototype IDs (0) 0 Alien Tech Used (0) 0 Bonus (0) 0 TOTAL SCORE: 1538 Bonus ------- None Cogmind --------- Core Integrity 0/250 Matter 292/300 Energy 265/265 System Corruption 0% Temperature Cool (6) Movement Rolling (120) Ox1 Location -10/Subcaves Parts ------- > --- POWER (1) -------- Improved Ion Engine > --- PROPULSION (2) --- Light Treads Subdweller Monowheel > --- UTILITY (2) ------ Large Storage Unit Makeshift Light Armor Plating > --- WEAPON (2) ------- Subdweller Machine Gun Subdweller Machine Gun > --- INVENTORY (15) --- Ion Engine Subdweller Monowheel Structural Scanner Weapon Shielding Light Armor Plating Particle Gun Battle Cannon Makeshift Spear Peak State ------------ > --- POWER ------------ Improved Ion Engine > --- PROPULSION ------- Light Treads Subdweller Monowheel > --- UTILITY ---------- Large Storage Unit Makeshift Light Armor Plating > --- WEAPON ----------- Subdweller Machine Gun Makeshift Spear > --- INVENTORY -------- Ion Engine Subdweller Monowheel Structural Scanner Weapon Shielding Light Armor Plating Particle Gun Subdweller Machine Gun Battle Cannon [Rating: 17] Favorites ----------- Power Improved Ion Engine Engine Improved Ion Engine Propulsion Light Treads Treads Light Treads Wheel Wheel Utility Targeting Computer Storage Medium Storage Unit Processor Targeting Computer Protection Makeshift Light Armor Plating Weapon Subdweller Machine Gun Energy Gun Small Laser Ballistic Gun Subdweller Machine Gun Ballistic Cannon Battle Cannon Launcher Rocket Launcher Special Weapon Mining Laser Piercing Weapon Makeshift Spear Build | -11 -10 -10 -10 ------- Run | Yrd Mat Min Sub Slots Evolved . | . . . . Power . | . . . . Propulsion . | . . . . Utility . | . . . . Weapon . | . . . . Parts Attached 36 | 6 8 11 11 Power 5 | 1 2 1 1 Engine 5 | 1 2 1 1 Core . | . . . . Reactor . | . . . . Propulsion 12 | 2 4 3 3 Treads 3 | . . 2 1 Leg . | . . . . Wheel 9 | 2 4 1 2 Hover . | . . . . Flight . | . . . . Utility 5 | 1 2 . 2 Device . | . . . . Storage 3 | 1 1 . 1 Processor 1 | . 1 . . Hackware . | . . . . Protection 1 | . . . 1 Artifact . | . . . . Weapon 14 | 2 . 7 5 Energy Gun 4 | 1 . 3 . Energy Cannon . | . . . . Ballistic Gun 3 | 1 . . 2 Ballistic Cannon 2 | . . 1 1 Launcher 3 | . . 2 1 Special Weapon 1 | . . 1 . Impact Weapon . | . . . . Slashing Weapon . | . . . . Piercing Weapon 1 | . . . 1 Special Melee Weapon . | . . . . Unidentified Prototypes . | . . . . Parts Lost 8 | . 2 3 3 Power 1 | . 1 . . Propulsion 5 | . 1 2 2 Utility . | . . . . Weapon 2 | . . 1 1 Highest Loss Streak 3 | . 2 3 1 To Critical Strikes . | . . . . Average Slot Usage (%) 99 | . 96 99 99 Engine 13 | . 12 14 14 Treads 19 | . . 21 23 Wheel 7 | . 26 5 4 Storage 14 | . 14 14 14 Processor 12 | . 13 14 11 Protection 1 | . . . 2 Energy Gun 6 | . 14 20 . Ballistic Gun 10 | . 14 5 12 Ballistic Cannon 4 | . . 1 6 Launcher 3 | . . . 5 Piercing Weapon 2 | . . . 4 Peak Build Rating 17 | 6 7 10 17 Average Rating 10 | 4 6 9 12 On Entrance 5 | . 6 7 10 Naked Turns . | . . . . Heaviest Build 39 | 13 18 24 39 Greatest Support 40 | 20 20 40 40 Greatest Overweight (x) 5 | . 5 1 2 Average Overweight (x) . | . . . . Largest Inventory Capacity 15 | 8 10 10 15 Average Capacity 11 | 6 9 10 12 Most Carried 10 | 2 7 10 10 Average Carried 8 | . 3 9 9 Final Capacity 15 | 8 10 10 15 Final Carried 10 | 2 7 10 8 Class Distribution -------------------- 87% | Mutant 12% | Scavenger-Mutant Dominant Class ---------------- Mutant | -10/Materials Mutant | -10/Mines Mutant | -10/Subcaves Resources | -11 -10 -10 -10 ----------- Run | Yrd Mat Min Sub Matter Collected 845 | 156 186 100 403 Remotely . | . . . . Salvage Created 944 | . 190 167 587 Parts 71 | . 14 8 49 Haulers Intercepted . | . . . . Recyclers Shooed 1 | . . 1 . Parts Field Recycled . | . . . . Retrieved Matter . | . . . . Parts Self-Destructed 1 | . . . 1 Prevented . | . . . . Kills | -11 -10 -10 -10 ------- Run | Yrd Mat Min Sub Combat Hostiles Destroyed 22 | . 5 2 15 Guns 10 | . 4 2 4 Cannons 2 | . . . 2 AOE 9 | . . . 9 Classes Destroyed 6 | . 3 1 2 Builder 2 | . 2 . . Recycler 1 | . . 1 . Swarmer 3 | . 3 . . Grunt 4 | . 2 2 . Sentry 1 | . . . 1 Subdweller 14 | . . . 14 Best Kill Streak 3 | . 2 3 3 Combat Bots Only 3 | . 2 2 3 Max Kills in Single Turn 2 | . 1 1 2 Gunslinging . | . . . . Exploded 2 | . . . 2 Melee . | . . . . Uniques/NPCs Destroyed . | . . . . Combat | -11 -10 -10 -10 -------- Run | Yrd Mat Min Sub Hostile Shots Fired 104 | . 32 36 36 Missed 20 | . 1 6 13 Damage Taken 1402 | . 356 413 633 Core 252 | . 103 40 109 Absorbed by Shields . | . . . . Core Remaining (%) 100 | 100 . . . Volleys Fired 81 | . 32 19 30 Largest 2 | . 2 2 2 Hottest 105 | . 70 105 69 Shots Fired 148 | . 64 36 48 Gun 121 | . 64 34 23 Cannon 9 | . . 2 7 Launcher 18 | . . . 18 Special . | . . . . Kinetic 79 | . 32 17 30 Thermal 51 | . 32 19 . Explosive 18 | . . . 18 Electromagnetic . | . . . . Robot Hit Streak 13 | . 13 11 12 Robot Miss Streak 6 | . 6 2 2 Penetration Max . | . . . . Secondary Targets . | . . . . Shots Hit Robots 104 | . 39 27 38 Core Hits 50 | . 12 7 31 Critical Kills . | . . . . Critical Parts Destroyed . | . . . . Critical Strikes 3 | . . 2 1 Burn 2 | . . 2 . Impale 1 | . . . 1 Melee Attacks 10 | . . . 10 Impact . | . . . . Slashing . | . . . . Piercing 10 | . . . 10 Sneak Attacks . | . . . . Combat Hostiles . | . . . . Follow-up Attacks . | . . . . Damage Inflicted 2722 | . 431 292 1999 Guns 1033 | . 431 292 310 Cannons 88 | . . . 88 Explosions 1040 | . . . 1040 Melee 561 | . . . 561 Ramming . | . . . . Kinetic 656 | . 169 89 398 Thermal 465 | . 262 203 . Explosive 1040 | . . . 1040 Electromagnetic . | . . . . Impact . | . . . . Slashing . | . . . . Piercing 561 | . . . 561 Highest Corruption . | . . . . Average Corruption . | . . . . Corruption Purged . | . . . . Corruption Blocked . | . . . . Overload Shots . | . . . . Overflow Damage 17 | . . . 17 Projectiles . | . . . . Explosions 3 | . . . 3 Melee 14 | . . . 14 Knockbacks . | . . . . Impact . | . . . . Kinetic . | . . . . Secondary . | . . . . Self-Inflicted Damage 41 | . . . 41 Shots 1 | . . . 1 Rammed . | . . . . Targets Rammed . | . . . . Kicked . | . . . . Crushed . | . . . . Highest Temperature 310 | . 310 301 . Average Temperature 114 | . 103 130 . Received Heat Transfer 426 | . 144 225 57 Effects 1 | . . 1 . Energy Bleed 1 | . . 1 . Siege Activations . | . . . . Robots Corrupted . | . . . . Combat Hostiles . | . . . . Parts Fried . | . . . . Impact Corruptions . | . . . . Robots Melted 1 | . 1 . . Combat Hostiles 1 | . 1 . . Parts Melted 2 | . 1 1 . Heat Transferred 1410 | . 777 633 . Parts Sabotaged . | . . . . Parts Stolen . | . . . . Parts Stripped . | . . . . Power Chain Reactions . | . . . . Alert | -11 -10 -10 -10 ------- Run | Yrd Mat Min Sub Peak Influence 242 | . 242 56 . Initial 16 | . . 16 . Average 49 | . 127 8 . Maximum Alert Level 1 | . 1 . . Low Security (%) 93 | 100 82 100 . Level 1 6 | . 17 . . Level 2 . | . . . . Level 3 . | . . . . Level 4 . | . . . . Level 5 . | . . . . High Security . | . . . . Max Security . | . . . . Squads Dispatched 1 | . 1 . . Investigation . | . . . . Extermination . | . . . . Reinforcement 1 | . 1 . . Assault . | . . . . Garrison . | . . . . Intercept . | . . . . Searches Triggered . | . . . . Construction Impeded . | . . . . Haulers Reinforced . | . . . . Active Scanning Responses . | . . . . Cargo Convoy Interrupts . | . . . . Stealth | -11 -10 -10 -10 --------- Run | Yrd Mat Min Sub Distress Signals 1 | . 1 . . Communications Jammed . | . . . . Distress Signals . | . . . . Times Spotted 30 | . 11 4 15 Peak Tracking Total 3 | . 3 2 2 Tactical Retreats 1 | . 1 . . Traps | -11 -10 -10 -10 ------- Run | Yrd Mat Min Sub Traps Triggered 5 | . 2 . 3 Indirectly . | . . . . Trap Hack Attempts . | . . . . Triggered . | . . . . Disarmed . | . . . . Reprogrammed . | . . . . Reused . | . . . . Traps Extracted . | . . . . Installed . | . . . . Triggered . | . . . . Machines | -11 -10 -10 -10 ---------- Run | Yrd Mat Min Sub Machines Disabled . | . . . . Max in Single Turn . | . . . . Machines Repaired . | . . . . Machines Dismantled . | . . . . Machines Sabotaged . | . . . . Overloaded Fab Kills . | . . . . Hacking | -11 -10 -10 -10 --------- Run | Yrd Mat Min Sub Machines Accessed 3 | . 1 . 2 Terminals 1 | . 1 . . Fabricators . | . . . . Repair Stations . | . . . . Recycling Units . | . . . . Scanalyzers . | . . . . Garrison Access . | . . . . Total Hacks 14 | . 8 . 6 Successful 9 | . 3 . 6 Failed 5 | . 5 . . Catastrophic . | . . . . Database Lockouts . | . . . . Manual 8 | . 8 . . Terminals 8 | . 8 . . Fabricators . | . . . . Repair Stations . | . . . . Recycling Units . | . . . . Scanalyzers . | . . . . Garrison Access . | . . . . Terminal Hacks 7 | . 1 . 6 Record 5 | . . . 5 Open Door 1 | . . . 1 Terminal Index 1 | . 1 . . Fabricator Hacks . | . . . . Repair Station Hacks . | . . . . Recycling Unit Hacks . | . . . . Scanalyzer . | . . . . Garrison Access Hacks . | . . . . Unauthorized Hacks 2 | . 2 . . Terminals 2 | . 2 . . Botnet 1 | . 1 . . Operators 1 | . 1 . . Fabricators . | . . . . Repair Stations . | . . . . Recycling Units . | . . . . Scanalyzers . | . . . . Garrison Access . | . . . . Data Cores Recovered . | . . . . Used . | . . . . Hacking Detections 1 | . 1 . . Full Trace Events . | . . . . Feedback Events . | . . . . Feedback Blocked . | . . . . Robot Schematics Acquired . | . . . . Robots Built . | . . . . Authchips . | . . . . Time . | . . . . Total Robot Build Rating . | . . . . Part Schematics Acquired . | . . . . Parts Built . | . . . . Authchips . | . . . . Time . | . . . . Total Part Build Rating . | . . . . Parts Repaired . | . . . . Time . | . . . . Parts Recycled . | . . . . Recycled Matter . | . . . . Retrieved Matter . | . . . . Retrieved Components . | . . . . Parts Scanalyzed . | . . . . Part Schematics Acquired . | . . . . Parts Damaged . | . . . . Bothacking | -11 -10 -10 -10 ------------ Run | Yrd Mat Min Sub Used RIF Installer . | . . . . Robots Hacked . | . . . . Non-combat . | . . . . Combat . | . . . . Robot Hacks Applied . | . . . . Relay Couplers Released . | . . . . Fabnet Peak Effective % . | . . . . Robots Rewired . | . . . . Allies Hacked . | . . . . Hacks Repelled . | . . . . Allies | -11 -10 -10 -10 -------- Run | Yrd Mat Min Sub Total Allies . | . . . . Largest Group . | . . . . Highest-Rated Group . | . . . . Highest-Rated Ally . | . . . . Total Orders . | . . . . Ally Attacks . | . . . . Total Damage . | . . . . Kills . | . . . . Allies Corrupted . | . . . . Allies Melted . | . . . . Intel | -11 -10 -10 -10 ------- Run | Yrd Mat Min Sub Robot Analysis Total . | . . . . Derelict Logs Recovered 1 | . . 1 . Drone Launches . | . . . . Drone Recoveries . | . . . . Exploration | -11 -10 -10 -10 ------------- Run | Yrd Mat Min Sub Turns Passed 3088 | 39 416 741 1892 Spaces Moved 2137 | 36 362 513 1226 Core 3 | 2 1 . . Treads 1019 | . . 260 759 Legs . | . . . . Wheels 1115 | 34 361 253 467 Hover . | . . . . Flight . | . . . . Fastest Speed 50 | 50 80 80 110 Average Speed 127 | 78 80 127 143 Slowest Speed 300 | 80 300 160 160 Overloaded Moves . | . . . . Propulsion Burnouts . | . . . . Robots Hopped . | . . . . Cave-ins Triggered . | . . . . Exploration Rate (%) 52 | 3 47 93 67 Regions Visited 3 Branch Regions 2 Pre-discovered Areas 1 | . . . 1 Known Exits Taken . | . . . . Unknown Exits Taken 3 | 1 1 1 . Scrap Searched 1 | . . 1 . Spaces Dug 1 | . . 1 . Terrain Destroyed 85 | . . 1 84 Melee . | . . . . Projectile 1 | . . 1 . AOE 84 | . . . 84 Terrain Rammed . | . . . . Walls Destroyed . | . . . . Machines Disabled . | . . . . Actions | -11 -10 -10 -10 --------- Run | Yrd Mat Min Sub Total 2330 | 43 424 564 1299 Wait 32 | . 17 8 7 Move 2134 | 35 361 512 1226 Hop . | . . . . Pick Up 22 | 2 5 8 7 Fast Attach 16 | 6 6 3 1 Attach 7 | . 1 3 3 Detach . | . . . . Swap 13 | . 1 5 7 Drop 15 | . 1 6 8 Fire 81 | . 32 19 30 Melee 10 | . . . 10 Ram . | . . . . Kick . | . . . . Crush . | . . . . Escape Stasis . | . . . . Rewire . | . . . . Trap . | . . . . Miscellaneous . | . . . . Route ------- -11/Scrapyard -10/Materials (discovered 2 exits: [*Mat] / [*Min]) -10/Mines (discovered 3 exits: [*Mat x2] / *Sub) -10/Subcaves (discovered 2 exits: [*Mat] / Rec) History --------- Turn | Location | Event 28 | -11/Scrapyard | Discovered new exit (range 13) 40 | -11/Scrapyard | Entered Materials 142 | -10/Materials | Discovered new exit (range 11) 183 | -10/Materials | Discovered new exit (range 16) 313 | -10/Materials | Build established: Mutant 456 | -10/Materials | Entered Mines 457 | -10/Mines | Joined a pair of Derelicts in attacking an 0b10 outpost 473 | -10/Mines | Met a Derelict bent on vengeance 497 | -10/Mines | Lost 3 parts (2n1w) 509 | -10/Mines | A weapon hastily lodged in a ceiling crevice suddenly fell to the ground 519 | -10/Mines | Learned Materials emergency access door positions 571 | -10/Mines | Discovered new exit (range 12) 637 | -10/Mines | Received a Rocket Launcher from a helpful Derelict 743 | -10/Mines | Core integrity fell below 50% 1039 | -10/Mines | Discovered new exit (range 7) 1170 | -10/Mines | Discovered new exit (range 15) 1197 | -10/Mines | Entered Subcaves 1317 | -10/Subcaves | A swath of the cavern ceiling suddenly collapsed 1355 | -10/Subcaves | Shifting Twisted Machinery released Mak. Light Armor Plating 1437 | -10/Subcaves | Visited Clippyterm 1442 | -10/Subcaves | Learned location of Section 7 (-2) 1442 | -10/Subcaves | Identified exit to Recycling 1678 | -10/Subcaves | Shifting Twisted Machinery released Mak. Spear 1679 | -10/Subcaves | Shifting Twisted Machinery released Multitool 1742 | -10/Subcaves | Shifting Twisted Machinery released Riot Gun 1746 | -10/Subcaves | Shifting Twisted Machinery released Sub. Machine Gun 2187 | -10/Subcaves | Discovered new exit (range 8) 2802 | -10/Subcaves | Core integrity fell below 20% 3020 | -10/Subcaves | Build established: Scavenger-Mutant 3089 | -10/Subcaves | Destroyed by O0-O9X(R) with Subdweller Laser Last Messages --------------- 02249_ Sneak attack on 5O-0W6(R). 02249_ 5O-0W6(R) destroyed. 02250_ Acquired 20 matter. 02652_ Triggered Shrapnel Trap. 02652_ An expanding cloud of shrapnel blasts out in all directions. 02665_ Triggered Piercing Trap. 02665_ Spikes shoot up from the floor. 02665_ Critical hit (Impale). 02706_ Triggered Piercing Trap. 02706_ Spikes shoot up from the floor. 02706_ Critical hit (Impale). 02706_ Lgt. Treads destroyed. 02706_ Critical hit (Impale). 02789_ Discarded Targeting Computer. 02798_ TL-J5F(R) destroyed. 02804_ EE-WBM(R) destroyed. 02807_ Acquired 24 matter. 02809_ Acquired 26 matter. 03068_ PH-6RF(R) destroyed. 03071_ Acquired 8 matter. Map ----- +----------------------------------------------------+ | ## #????????????????????????????????????????????? | | ##???????????????????????????????????????????? | | "######??????????????????????????????????????? | | "" " # ##?????????????????????????????????????? | | "" # #?????????????????????????????????????? | | " # ##?????????????????????????????????????? | | " # #?????????????????????????????????????? | | " ##?????????????????????????????????????? | | """ ! # #??????????????????????????????????????? | | """ ##???????????????????????#######????????? | | """"" ##?#####????????????????#"""""#????????? | | ""### " ### #????????????????#""X""#????????? | | ####""" ### #?????????????????#" "#????????? | | #???## #### #??????????????????### ########???? | | ###?## ### #?????######????????## ### ###?? | | #### ### #?????# #???????## ### | | " ## ### ##?????# ##?????## | | "## # ######?# ####### | | ### ## # ## | | ## & ## # | | # ### & & ###### | | ## # ## ## # ##& ### # | | ## #### #### ##?# | | #####??# R #?## # ##?## | | #### #?????## ####??#####???## ## | | ###??####????# @##??????????????## ##? | | ## #?????# ?????# ##???????????????## ##? | | ### #?#### ?????##### ##??????????????# ## | | ??#### #????????## #????????????### | | ?#### #????#??## #?????????#### ## " | | ## ? #??? #?## #??????#### ##" | | # ?? #?? ### #??????# ### | | #???# ## ## ######??????# | | ##??# ### !&#?###???????## | | #### #??# *&%### ##???????## " | | #???????# &[& ##???????## ##" | | ##?????## #????????### ## #### | | ### ####### ##%=##?????????## ## #?#" | | ##?## ## #??????????#####"?#" | | #???### ##### ###??????????????#### | | ###???###### #### #?????????????????# | | #????????## ###### #?????????????????# | | #?????????# ##??# #?????????????????# | | #?????????# #??## #?????????????????? | | ###?????????## ##??## ###?????????????????? | | #????????????## ##??## #???????????????????? | | #?????????????# ##??# #???????????????????# | | ##?????####??## #??# ##???????????????????# | | #?????# ### #?##/% #???????????????????# | | ##????# ##?# =##???????????????????# | +----------------------------------------------------+ Best States ------------- Heat Dissipation 25 Energy Generation 12 Energy Capacity 265 Matter Stores 300 Matter Capacity 300 Sight Range 16 Terrain Scan Density 10 Armor Coverage 100 Evasion (%) 44 Targeting Accuracy 5 Recoil Reduction 2 Item Schematics ----------------- None Robot Schematics ------------------ None Fabricated ------------ Nothing Alien Tech Used ----------------- None Achievements -------------- None Challenges ------------ None Game ------ Seed SigixLinkedNanovents Manual? 0 Play Time 00:25:52 Cumulative 156.8 hours Start 2024.09.01 @ 21:12:06 End 2024.09.01 @ 21:36:04 Sessions 1 Manual Loads 0 Difficulty Rogue Special Mode None Game No. 74 Rogue 31 Adventurer 43 Explorer 0 Win Type - Total 4 Types 2/0/1/0/0/0/0/1/0 Lore% 60 Gallery% 66 Achievement% 58 Wizard Run 0 Options --------- Layout 0 ASCII 0 Keyboard 0 Movement Mouse Keybinds 0 Fullscreen 1 Font 24/Smallcaps Map View 76x50 Zoom Use 0% Tactical HUD 1 Map Filters NONE Filters NONE Steam 1 RUN: 894c3d2c-c267-4c13-9145-17a43efa17a9